 Dungeon Crawl Stone Soup version 0.24-a0-417-g1cce26a4d2 (webtiles) character file.

Game seed: 6895791591561577460

253 HAL9000 the Cutter (level 6, -2/30 HPs)
             Began as a Vine Stalker Assassin on June 10, 2019.
             Slain by an orc warrior
             ... wielding a +0 mace
              (5 damage)
             ... on level 3 of the Dungeon.
             The game lasted 00:06:37 (2759 turns).

HAL9000 the Cutter (Vine Stalker Assassin)          Turns: 2759, Time: 00:06:37

Health: -2/30      AC:  6    Str: 15    XL:     6   Next: 14%
Magic:  0/7        EV: 11    Int: 11    God:
Gold:   97         SH:  0    Dex: 16    Spells: 5/5 levels left

rFire    . . .     SeeInvis .   a - +2 dagger
rCold    . . .     Gourm    .   (no shield)
rNeg     . . .     Faith    .   r - +1 leather armour {rPois}
rPois    +         Spirit   +   (no helmet)
rElec    .         Reflect  .   c - +0 cloak
rCorr    .         Harm     .   p - +0 pair of gloves
MR       .....                  (no boots)
Stlth    +++.......             (no amulet)
HPRegen  0.50/turn              q - ring of wizardry
MPRegen  0.10/turn              (no ring)

@: no status effects
A: fangs 2, regeneration 1, magic shield, antimagic bite, no potion heal 3, rot
immunity
a: no special abilities


You were on level 3 of the Dungeon.
You were not hungry.

You visited 1 branch of the dungeon, and saw 3 of its levels.

You collected 97 gold pieces.

Inventory:

Hand Weapons
 a - a +2 dagger (weapon)
Missiles
 d - 29 poisoned darts (quivered)
 l - 2 silver javelins
 s - 7 boomerangs
Armour
 b - a +0 robe
 c - a +0 cloak (worn)
 h - a scarf of cloud immunity
 p - a +0 pair of gloves (worn)
 r - a +1 leather armour of poison resistance (worn)
Jewellery
 q - a ring of wizardry (left hand)
Scrolls
 i - 3 scrolls of remove curse {unknown}
 j - 2 scrolls of teleportation {unknown}
 k - a scroll of enchant armour {unknown}
 u - a scroll of enchant weapon {unknown}
 v - a scroll of amnesia {unknown}
Potions
 g - a potion of magic {unknown}
 m - a potion of might {unknown}
 n - a potion of heal wounds {unknown}
 o - a potion of mutation {unknown}
Comestibles
 f - 7 rations
 t - a chunk of flesh


   Skills:
 - Level 1.7 Fighting
 + Level 5.7 Short Blades
 - Level 1.7 Throwing
 - Level 0.7 Dodging
 - Level 4.8 Stealth


You had 5 spell levels left.
You didn't know any spells.
Your spell library was empty.

Dungeon Overview and Level Annotations

Branches:
Dungeon (3/15)

Altars:
Makhleb


Innate Abilities, Weirdness & Mutations

You have extremely sharp teeth.
Your natural rate of healing is unusually fast.
When hurt, damage is shared between your health and your magic reserves.
Your bite disrupts and absorbs the magic of your enemies.
Potions cannot restore your health.
You are immune to rotting.


Message History

You closely miss the orc warrior.
The orc warrior is almost dead.
The orc warrior hits you with a +0 mace.
* * * LOW HITPOINT WARNING * * *
You closely miss the orc warrior.
The orc warrior is almost dead.
You hit the orc warrior but do no damage.
You bite the orc warrior, but do no damage.
The orc warrior is almost dead.
You hit the orc warrior but do no damage.
You bite the orc warrior. You drain its power.
You feel invigorated.
The orc warrior is almost dead.
The orc warrior hits you with a +0 mace!
* * * LOW HITPOINT WARNING * * *
You hit the orc warrior.
The orc warrior is almost dead.
You hit the orc warrior but do no damage.
The orc warrior is almost dead.
The orc warrior hits you with a +0 mace.
You die...

.....##..##.....##....#.####
.....#..))##.(.##'#..##.#####
..(..#..†.'#####).####......#
.....##..##..##....# #..#####
#.....####....)....# #..######
#..#.....#....##..## #..##...#
#.....##.##)[#########..##.#.#
..........########...........#
............)..o@..###.###.###
...#........>..###...).#
#.###### #.........((.(.#
#.##### #.#.....
#..##........<.# #.#
###...####
#..##..........###.#####...#.#
##..#..........#.............#
#.............#...o.........#
+.............#.............#
#.............#.......§.....#


You could see an orc warrior.

Vanquished Creatures
  3 iron imps
  7 adders
  An ooze (D:3)
  2 worms (D:3)
  2 dart slugs (D:1)
  3 leopard geckos
  6 orcs
  2 ball pythons
  8 bats
  8 giant cockroaches
  6 goblins
  15 hobgoblins
  2 jackals (D:1)
  7 kobolds
  7 frilled lizards
  5 rats
84 creatures vanquished.

Notes
Turn   | Place    | Note
-------+----------+-------------------------------------------
     0 | D:1      | HAL9000 the Vine Stalker Assassin began the quest for the
                  | Orb.
     0 | D:1      | Reached XP level 1. HP: 11/11 MP: 2/2
    18 | D:1      | Reached skill level 2 in Short Blades
    35 | D:1      | Reached XP level 2. HP: 13/15 MP: 3/3
   468 | D:1      | Reached skill level 3 in Short Blades
   473 | D:1      | Reached XP level 3. HP: 18/18 MP: 4/4
   946 | D:2      | Found a faded altar of an unknown god.
  1263 | D:2      | Gained mutation: Your natural rate of healing is unusually
                  | fast. [Vine Stalker growth]
  1263 | D:2      | Reached XP level 4. HP: 15/23 MP: 5/5
  1294 | D:2      | Reached skill level 4 in Short Blades
  1698 | D:3      | Noticed an orc warrior
  1942 | D:3      | Found a burning altar of Makhleb.
  1992 | D:3      | Reached XP level 5. HP: 13/26 MP: 2/6
  2212 | D:2      | Reached skill level 5 in Short Blades
  2515 | D:3      | Reached XP level 6. HP: 28/30 MP: 7/7
  2759 | D:3      | Slain by an orc warrior

Levels and vault maps discovered:
D:1:      dpeg_arrival_rhombus, layout_rooms
D:2:      layout_loops_ring, chequers_ecumenical_altar_simple_redux
D:3:      minmay_bubble_buster, layout_basic, nicolae_overflow_crystal_walls,
          demons_altar, minmay_divided_ellipse

Skill      XL: |  1  2  3  4  5 |
---------------+----------------+-----
Short Blades   | 2 3 4 5 |  5.7
Fighting       | |  1.7
Throwing       | |  1.7
Dodging        | |  0.7
Stealth        | |  4.8

Action                   |  1- 3 |  4- 6 || total
-------------------------+-------+-------++-------
Melee: Dagger            |   110 |   209 ||   319
       Bite              |    25 |    58 ||    83
Throw: Dart              |     1 |    23 ||    24
       Javelin           |       |     2 ||     2
 Stab: Sleeping          |     5 |    10 ||    15
  Eat: Chunk             |     1 |     5 ||     6
Armor: Robe              |    31 |     6 ||    37
       Leather armour    |       |    32 ||    32
Dodge: Dodged            |    49 |    99 ||   148

Table legend:
 A = Non-vault XP
 B = Vault XP
 C = Vault XP percentage of total XP
 D = Non-vault monster count
 E = Vault monster count
 F = Vault count percentage of total count
                 A         B        C        D         E       F
            +---------+---------+-------+---------+---------+-------
      Total |     169 |     193 |  53.3 |      65 |      19 |  22.6
            +---------+---------+-------+---------+---------+-------
        D:1 |      53 |       0 |   0.0 |      28 |       0 |   0.0
        D:2 |      79 |      39 |  33.1 |      24 |       1 |   4.0
        D:3 |      37 |     154 |  80.6 |      13 |      18 |  58.1
            +---------+---------+-------+---------+---------+-------
